 Dungeon Crawl Stone Soup version 0.28-a0-563-gf77a47075d (webtiles) character file.

Game seed: 777468361021782177

31164 Maimakterion the Thaumaturge (level 13, -1/98 HPs)
             Began as a Demonspawn Fire Elementalist on Sept 30, 2021.
             Was an Elder of Vehumet.
             Slain by a komodo dragon (25 damage)
             ... on level 3 of the Lair of Beasts.
             The game lasted 00:30:18 (18896 turns).

Maimakterion the Thaumaturge (DsFE)                Turns: 18896, Time: 00:30:18

Health: -1/98      AC: 10    Str:  8    XL:     13   Next: 24%
Magic:  2/28       EV: 15    Int: 23    God:    Vehumet [****..]
Gold:   862        SH:  0    Dex: 13    Spells: 14/35 levels left

rFire   + . .      SeeInvis .   w - staff of conjuration
rCold   . . .      Faith    .   (no shield)
rNeg    . . .      Spirit   .   a - +0 robe
rPois   .          Reflect  .   O - +0 helmet
rElec   .          Harm     .   g - +0 cloak
rCorr   .          Rampage  .   x - +1 pair of gloves
Will    .....                   q - +0 pair of boots
Stlth   ++........              (no amulet)
HPRegen 0.26/turn               C - ring of protection from cold
MPRegen 0.21/turn               h - ring of fire

@: no status effects
A: talons 2, slimy green scales 2, foul stench 2, demonic magic 1
a: Renounce Religion


You were on level 3 of the Lair of Beasts.
You worshipped Vehumet.
Vehumet was greatly pleased with you.
You visited 3 branches of the dungeon, and saw 17 of its levels.
You also visited: Sewer and Bailey.

You collected 862 gold pieces.

Inventory:

Hand Weapons
 l - a +2 dagger of venom
Armour
 a - a +0 robe (worn)
 g - a +0 cloak (worn)
 q - a +0 pair of boots (worn)
 x - a +1 pair of gloves (worn)
 y - a +0 kite shield
 O - a +0 helmet (worn)
Magical Staves
 w - a staff of conjuration (weapon)
Jewellery
 h - a ring of fire (right hand)
 v - a ring of resist corrosion
 C - a ring of protection from cold (left hand)
 D - a ring of protection from cold
 G - a ring of poison resistance
 R - a ring of wizardry
Wands
 b - a wand of flame (74)
 B - a wand of mindburst (12)
 E - a wand of paralysis (17)
 I - a wand of charming (6)
 J - a wand of acid (17)
 K - a wand of polymorph (11)
Scrolls
 d - 4 scrolls of amnesia
 f - 3 scrolls of enchant weapon {unknown}
 k - a scroll of silence
 s - 2 scrolls of enchant armour {unknown}
 t - 2 scrolls of brand weapon
 A - a scroll of teleportation
 F - a scroll of fog
 L - a scroll of fear {unknown}
 M - a scroll of summoning {unknown}
 P - a scroll of magic mapping
 Q - a scroll of blinking {unknown}
Potions
 c - 6 potions of curing {unknown}
 e - a potion of might {unknown}
 i - 3 potions of haste
 j - 7 potions of heal wounds
 m - 2 potions of cancellation {unknown}
 n - 2 potions of resistance {unknown}
 o - 4 potions of mutation {unknown}
 p - 2 potions of magic {unknown}
 r - 2 potions of attraction {unknown}
 u - 2 potions of brilliance {unknown}
 z - a potion of ambrosia {unknown}
 H - 4 potions of flight
 N - 3 potions of invisibility {unknown}


   Skills:
 * Level 7.8 Fighting
 * Level 7.3 Dodging
 - Level 1.7 Stealth
 + Level 11.5 Spellcasting
 * Level 8.5 Conjurations
 * Level 6.8 Translocations
 + Level 9.2 Fire Magic
 * Level 5.5 Earth Magic
 + Level 1.0 Evocations


You had 14 spell levels left.
You knew the following spells:

 Your Spells              Type           Power      Damage    Failure   Level
a - Foxfire               Conj/Fire      100%       2x1d9     1%          1
b - Scorch                Fire           100%       2d10      1%          2
c - Stone Arrow           Conj/Erth      100%       3d13      1%          3
d - Flame Wave            Conj/Fire      89%        3d15      1%          4
e - Teleport Other        Tloc           44%        N/A       1%          3
f - Iron Shot             Conj/Erth      31%        9d6       11%         6
g - Blink                 Tloc           N/A        N/A       1%          2

Your spell library contained the following spells:

 Spells                   Type           Power      Damage    Failure   Level
 Sticky Flame             Conj/Fire      89%        2d10      1%          4
 Static Discharge         Conj/Air       49%        N/A       1%          2
 Conjure Flame            Conj/Fire      89%        6-21      1%          3
 Gell's Gravitas          Tloc           22%        N/A       1%          3
 Inner Flame              Hex/Fire       51%        N/A       1%          3
 Lesser Beckoning         Tloc           44%        N/A       1%          3
 Passage of Golubria      Tloc           N/A        N/A       2%          4
 Portal Projectile        Hex/Tloc       58%        N/A       3%          3
 Manifold Assault         Tloc           44%        N/A       8%          5
 Call Canine Familiar     Summ           13%        N/A       14%         3
 Animate Armour           Summ/Erth      50%        N/A       16%         4
 Leda's Liquefaction      Hex/Erth       12%        N/A       16%         4
 Dispersal                Tloc           22%        N/A       41%         6
 Dispel Undead            Necr           13%        3d9       43%         4
 Blade Hands              Tmut           6%         N/A       80%         5
 Excruciating Wounds      Necr           6%         N/A       80%         5
 Silence                  Hex/Air        6%         N/A       80%         5
 Lehudib's Crystal Spear  Conj/Erth      31%        10d8      98%         8
 Malign Gateway           Summ/Tloc      14%        N/A       100%        7
 Summon Horrible Things   Summ           6%         N/A       100%        8


Dungeon Overview and Level Annotations

Branches:
Dungeon (13/15)            Temple (1/1) D:5            Lair (3/6) D:9
  Snake (0/4) Lair:2          Orc (0/2) D:10          Sewer (visited)
 Bailey (visited)
  Swamp: Lair:2-4    Shoals: Lair:2-4    Vaults: D:13-14

Altars:
Ashenzari
Cheibriados
Dithmenos
Elyvilon
Fedhas
Gozag
Hepliaklqana
Kikubaaqudgha
Makhleb
Nemelex Xobeh
Okawaru
Qazlal
Ru
Sif Muna
Trog
Uskayaw
Vehumet
Wu Jian
Xom
Yredelemnul
Zin
The Shining One
Lugonu

Shops:
D:2 !   D:3 (   D:5 !

Annotations:
D:6 3 runed translucent doors, miscthings's ghost, novice BaCA
D:9 2 transporters
Lair:2 2 transporters, Roefeuw's ghost, journeyman OgHu


Innate Abilities, Weirdness & Mutations

You have razor-sharp toenails.
You are mostly covered in slimy green scales. (AC +3)
You sometimes emit foul miasma when damaged in melee.
Spells you cast may paralyse adjacent enemies.


Message History

The komodo dragon is heavily wounded.
The komodo dragon bites you.
You take 3 damage, and have 72/98 hp.
Casting: Foxfire (safe; 1% risk of failure)
Press: ? - help, Q - select action, (/) - cycle Dir - look around, f - activate You feel a strong surge of power!
You conjure some foxfire!
Malevolent energies surge around you.
The komodo dragon suddenly stops moving!
You now have 0/28 mp.
The helpless komodo dragon fails to defend itself.
You hit the komodo dragon but do no damage.
The komodo dragon is heavily wounded.
The foxfire hits the komodo dragon but does no damage.
The komodo dragon is heavily wounded.
The foxfire hits the komodo dragon.
The komodo dragon is severely wounded.
The helpless komodo dragon fails to defend itself.
You hit the komodo dragon but do no damage.
The komodo dragon is severely wounded.
The helpless komodo dragon fails to defend itself.
You hit the komodo dragon but do no damage.
The komodo dragon is severely wounded.
The komodo dragon is no longer paralysed.
The komodo dragon bites you!!
You take 25 damage, and have 48/98 hp.
MASSIVE DAMAGE!!
You hit the komodo dragon but do no damage.
The komodo dragon is severely wounded.
The komodo dragon misses you. The komodo dragon bites you!!
* * * LOW HITPOINT WARNING * * *
You take 28 damage, and have 20/98 hp.
MASSIVE DAMAGE!!
You hit the komodo dragon but do no damage.
The komodo dragon is severely wounded.
The komodo dragon bites you!
* * * LOW HITPOINT WARNING * * *
You take 6 damage, and have 14/98 hp.
The komodo dragon bites you!
* * * LOW HITPOINT WARNING * * *
You take 11 damage, and have 3/98 hp.
You feel much better. The komodo dragon bites you!!
You die...

..................##
...................####
........#..........P..#
........##P.....[....###
......#.##...........#.#.
.....#..####..........#..
........# ###.........#.
........# ##†.........
.......### #..@††......
#......#.###..#..l†......
.........##..............
........##...............
.......##................
.......P#................
........#..........##.##.
.......##........### >.#
........###.....## ...


You could see a komodo dragon.

Vanquished Creatures
  6 hydras
  A centaur warrior (D:11)
  3 death yaks (D:9)
  2 black mambas (Lair:2)
  A torpor snail (Lair:2)
  7 cane toads
  2 unseen horrors (D:12)
  A rime drake (Lair:2)
  3 komodo dragons
  A tengu conjurer (D:13)
  2 trolls
  A hornet (D:7)
  Grinder (D:6)
  13 blink frogs
  4 dream sheep (Lair:2)
  A shadow (D:10)
  A water elemental (D:11)
  37 yaks
  A vampire (D:11)
  Eustachio (D:5)
  A wraith (D:11)
  A wyvern (D:10)
  5 basilisks
  Menkaure (D:6)
  A human (D:10)
  A steam dragon (Lair:3)
  6 vampire mosquitoes
  2 wargs (D:10)
  An acid dragon (D:8)
  Edmund (D:6)
  10 water moccasins
  15 orc warriors
  A sky beast (D:8)
  3 necrophages
  2 ice beasts
  An ogre (D:6)
  7 centaurs
  6 kobold brigands
  7 bullfrogs
  2 gnoll sergeants
  4 scorpions
  A water moccasin zombie (D:6)
  A wyvern skeleton (D:3)
  7 killer bees
  A water moccasin skeleton (D:4)
  6 wights
  5 howler monkeys
  3 electric eels
  6 centaur zombies
  A hound (D:6)
  A jelly (D:4)
  2 centaur skeletons
  12 orc priests
  3 gnoll shamans
  A bullfrog skeleton (D:5)
  4 iguanas
  4 orc wizards
  A hell rat (D:9)
  A howler monkey skeleton (D:5)
  19 gnolls
  7 river rats
  18 adders
  2 shadow imps
  An adder skeleton (D:4)
  3 worms (D:2)
  2 dart slugs
  43 orcs
  7 endoplasms
  6 giant cockroaches
  8 goblins
  17 hobgoblins
  2 jackals (D:4)
  7 quokkas
  10 ball pythons
  6 bats
  4 frilled lizards
  40 kobolds
  27 rats
456 creatures vanquished.

Vanquished Creatures (collateral kills)
  7 foxfires
7 creatures vanquished.

Vanquished Creatures (others)
  1314 foxfires
  10 fungi
  13 plants
1337 creatures vanquished.

Grand Total: 1800 creatures vanquished

Notes
Turn   | Place    | Note
-------+----------+-------------------------------------------
     0 | D:1      | Maimakterion the Demonspawn Fire Elementalist began the
                  | quest for the Orb.
     0 | D:1      | Reached XP level 1. HP: 13/13 MP: 3/3
   576 | D:1      | Gained mutation: You may rarely emit foul miasma when
                  | damaged in melee. [demonic ancestry]
   576 | D:1      | Reached XP level 2. HP: 13/19 MP: 0/5
   579 | D:1      | Learned a level 2 spell: Scorch
  1554 | D:1      | Gained mutation: You have sharp toenails. [demonic
                  | ancestry]
  1554 | D:1      | Reached XP level 3. HP: 25/25 MP: 3/6
  1592 | D:1      | Learned a level 3 spell: Teleport Other
  1970 | D:2      | Found Suk Wyr's Distillery.
  2117 | D:2      | Gained mutation: You are partially covered in slimy green
                  | scales. (AC +2) [demonic ancestry]
  2117 | D:2      | Reached XP level 4. HP: 31/31 MP: 8/8
  2695 | D:2      | Found a shadowy altar of Dithmenos.
  2707 | D:2      | Reached skill level 1 in Fighting
  2980 | D:3      | Found a glowing drain.
  2991 | D:3      | Reached skill level 3 in Spellcasting
  2997 | D:3      | Gained mutation: You have razor-sharp toenails. [demonic
                  | ancestry]
  2997 | D:3      | Reached XP level 5. HP: 33/37 MP: 6/9
  3003 | Sewer    | Entered a sewer
  3174 | Sewer    | Reached skill level 1 in Translocations
  3174 | Sewer    | Reached skill level 1 in Evocations
  3518 | Sewer    | Reached XP level 6. HP: 43/43 MP: 11/11
  3657 | Sewer    | Learned a level 4 spell: Flame Wave
  3888 | Sewer    | Reached skill level 4 in Spellcasting
  4213 | D:3      | Found a faded altar of an unknown god.
  4607 | D:3      | Found a shadowy altar of Dithmenos.
  4795 | D:3      | Found Geag's Antique Weapon Boutique.
  4847 | D:4      | Gained mutation: Spells you cast may paralyse adjacent
                  | enemies. [demonic ancestry]
  4847 | D:4      | Reached XP level 7. HP: 50/50 MP: 13/13
  5386 | D:4      | Reached skill level 5 in Spellcasting
  5863 | D:5      | Entered Level 5 of the Dungeon
  6028 | D:5      | Found a staircase to the Ecumenical Temple.
  6045 | D:5      | Found an opulent altar of Gozag.
  6065 | Temple   | Entered the Ecumenical Temple
  6134 | Temple   | Became a worshipper of Vehumet
  6202 | D:5      | Noticed Eustachio
  6211 | D:5      | Killed Eustachio
  6212 | D:5      | Reached XP level 8. HP: 58/58 MP: 13/16
  6295 | D:5      | Found a stormy altar of Qazlal.
  6341 | D:5      | Found Wigejol's Distillery.
  6352 | D:5      | Reached skill level 6 in Spellcasting
  6751 | D:6      | Noticed Grinder
  6753 | D:6      | Reached skill level 5 in Fire Magic
  6756 | D:6      | Paralysed by Grinder for 3 turns
  6759 | D:6      | Killed Grinder
  6760 | D:6      | Reached XP level 9. HP: 42/65 MP: 4/19
  6903 | D:6      | Reached skill level 7 in Spellcasting
  7056 | D:6      | Noticed Menkaure
  7059 | D:6      | Killed Menkaure
  7100 | D:6      | Reached * piety under Vehumet
  7100 | D:6      | Offered knowledge of Sandblast by Vehumet.
  7104 | D:6      | Noticed Edmund
  7113 | D:6      | Killed Edmund
  7379 | D:6      | Found a runed translucent gate.
  7380 | D:6      | Found a runed translucent gate.
  7380 | D:6      | Found an opulent altar of Gozag.
  7381 | D:6      | Found a runed translucent gate.
  7384 | D:6      | Noticed a gargoyle
  7394 | D:6      | Noticed miscthings's ghost (novice BaCA)
  7794 | D:7      | Found a shimmering blue altar of Sif Muna.
  7816 | D:7      | Reached skill level 8 in Spellcasting
  8003 | D:7      | Found an ancient bone altar of Kikubaaqudgha.
  8323 | D:7      | Learned a level 3 spell: Stone Arrow
  8340 | D:7      | Reached skill level 5 in Conjurations
  9264 | D:8      | Found an iron altar of Okawaru.
  9295 | D:8      | Reached XP level 10. HP: 24/73 MP: 22/22
  9864 | D:8      | Reached skill level 1 in Earth Magic
 10088 | D:9      | Found a flagged portal.
 10090 | D:9      | Reached ** piety under Vehumet
 10090 | D:9      | Offered knowledge of Static Discharge by Vehumet.
 10099 | Bailey   | Entered a bailey
 10945 | D:9      | Reached skill level 5 in Fighting
 10991 | D:9      | Found a transporter.
 10991 | D:9      | Found a transporter.
 10992 | D:9      | Noticed a cyan ugly thing
 10993 | D:9      | Found a corrupted altar of Lugonu.
 10993 | D:9      | Noticed a white ugly thing
 10993 | D:9      | Noticed a purple ugly thing
 11035 | D:9      | Reached skill level 9 in Spellcasting
 11293 | D:9      | Noticed a death yak
 11295 | D:9      | Noticed a death yak
 11296 | D:9      | Noticed a death yak
 11303 | D:9      | Offered knowledge of Searing Ray by Vehumet.
 11740 | D:9      | Found a staircase to the Lair.
 11748 | D:9      | Found a snail-covered altar of Cheibriados.
 11748 | D:9      | Reached *** piety under Vehumet
 11805 | D:9      | Killed a death yak
 11806 | D:9      | Reached skill level 5 in Dodging
 11806 | D:9      | Killed a death yak
 11808 | D:9      | Killed a death yak
 12212 | D:10     | Entered Level 10 of the Dungeon
 12218 | D:10     | Found a broken altar of Ashenzari.
 12239 | D:10     | Found a basalt altar of Yredelemnul.
 12263 | D:10     | Gained mutation: You are mostly covered in slimy green
                  | scales. (AC +3) [demonic ancestry]
 12263 | D:10     | Reached XP level 11. HP: 80/80 MP: 20/24
 12313 | D:10     | Offered knowledge of Dazzling Flash by Vehumet.
 12991 | D:10     | Found a staircase to the Orcish Mines.
 13220 | D:10     | Found a bloodstained altar of Trog.
 13253 | D:10     | Reached skill level 5 in Translocations
 13960 | D:11     | Reached **** piety under Vehumet
 14099 | D:11     | Reached skill level 10 in Spellcasting
 14192 | D:11     | Noticed a centaur warrior
 14198 | D:11     | Noticed a seven-headed hydra
 14201 | D:11     | Killed a centaur warrior
 14202 | D:11     | Offered knowledge of Yara's Violent Unravelling by Vehumet.
 14205 | D:11     | Killed a seven-headed hydra
 14774 | D:11     | Gained mutation: You sometimes emit foul miasma when
                  | damaged in melee. [demonic ancestry]
 14774 | D:11     | Reached XP level 12. HP: 89/89 MP: 21/26
 14908 | D:12     | Noticed a five-headed hydra
 14917 | D:12     | Killed a five-headed hydra
 15167 | D:12     | You fall into a shaft and drop 1 floor!
 15231 | D:13     | Noticed a tengu warrior
 15365 | D:13     | Noticed a seven-headed hydra
 15366 | D:13     | Noticed an eight-headed hydra
 15373 | D:13     | Killed a seven-headed hydra
 15375 | D:13     | Killed an eight-headed hydra
 16097 | Lair:1   | Entered Level 1 of the Lair of Beasts
 16216 | Lair:1   | Reached ***** piety under Vehumet
 16218 | Lair:1   | Offered knowledge of Sticky Flame by Vehumet.
 16634 | Lair:1   | Reached skill level 11 in Spellcasting
 17381 | Lair:2   | Reached skill level 5 in Earth Magic
 17381 | Lair:2   | Noticed a seven-headed hydra
 17387 | Lair:2   | Killed a seven-headed hydra
 17663 | Lair:2   | Noticed Roefeuw's ghost (journeyman OgHu)
 17687 | Lair:2   | Found a transporter.
 17716 | Lair:2   | Found a transporter.
 18002 | Lair:2   | Reached XP level 13. HP: 96/96 MP: 21/28
 18005 | Lair:2   | Learned a level 2 spell: Blink
 18012 | Lair:2   | Learned a level 6 spell: Iron Shot
 18118 | Lair:2   | Found a staircase to the Snake Pit.
 18895 | Lair:3   | HP: 3/98 [komodo dragon (11)]
 18896 | Lair:3   | Slain by a komodo dragon

Illustrated notes

Levels and vault maps discovered:
D:1:      dpeg_arrival_rhombus, layout_basic
D:2:      layout_basic, basic_altar, serial_shops,
          nicolae_shop_competitors_out_of_business, st_stairs_9,
          minmay_misc_feat_alley, minmay_tromino_v4_a
D:3:      layout_rooms, nicolae_dithmenos_the_darkroom, gup_sewer_entry_glass,
          ebering_ecumenical_altar_webs, serial_shops, shop,
          kennysheep_small_spiral, kennysheep_pointless_box
D:4:      minmay_opposing_rooms, layout_basic, wad_rectangle_vault
D:5:      layout_rooms, mainiacjoe_overflow_concentric_impassable,
          grunt_qazlal_clouds, minmay_temple_entry_slanted, serial_shops, shop,
          uniq_eustachio
D:6:      layout_rooms, ebering_ghost_gozag, uniq_edmund, uniq_grinder,
          uniq_menkaure
D:7:      layout_basic, mainiacjoe_overflow_small_starburst,
          mainiacjoe_overflow_six_doors_small, nrook_loot_triangle,
          kennysheep_generic_room_8
D:8:      layout_gridville, okawaru_gym_becter
D:9:      gammafunk_corrupted_shrine, layout_small_grid,
          nicolae_tso_swordbearing_angel, kennysheep_slug_shrine,
          dpeg_lair_monsters, enter_bailey_4, nicolae_underground_beach
D:10:     layout_irregular_city, lemuel_round_altar, trog_butcher_becter,
          nicolae_ashenzari_skybound, erik_orc_4
D:11:     layout_small_grid, water_maze_lemuel
D:12:     layout_cave_pools
D:13:     layout_grid_maze, zin_academy
Temple:   kb_corrupted_temple
Lair:1:   layout_gridlike, dpeg_stationary_puzzle
Lair:2:   layout_misc_corridors, minmay_snake_entry_six_corridors,
          gammafunk_ghost_abyssal_escape
Lair:3:   layout_hall_layers, swamp_mist_pool, grunt_megastairs_5, uniq_snorg

Skill      XL: |  1  2  3  4  5  6  7  8  9 10 11 12 13 |
---------------+----------------------------------------+-----
Dodging        | 2 3 4 5 6 7 |  7.3
Fire Magic     | 3 4 5 6 7 8 9 |  9.2
Conjurations   | 2 3 4 5 7 8 |  8.5
Fighting       | 1 2 3 4 5 6 7 |  7.8
Spellcasting   | 3 4 5 6 8 9 10 11 | 11.5
Translocations | 1 2 3 4 5 6 |  6.8
Evocations     | 1 |  1.0
Earth Magic    | 2 4 5 |  5.5
Stealth        | |  1.7

Action                   |  1- 3 |  4- 6 |  7- 9 | 10-12 | 13-15 || total
-------------------------+-------+-------+-------+-------+-------++-------
Melee: Unarmed           |    14 |       |       |       |       ||    14
       Dagger            |       |       |     4 |       |       ||     4
       Staff             |       |       |       |     9 |    13 ||    22
 Cast: Foxfire           |    74 |   111 |   171 |   358 |    38 ||   752
       Scorch            |     3 |    53 |    87 |   168 |    22 ||   333
       Flame Wave        |       |       |    10 |    43 |     6 ||    59
       Teleport Other    |       |       |       |     4 |     1 ||     5
       Iron Shot         |       |       |       |       |     1 ||     1
  Use: Scroll            |       |     4 |     7 |     2 |       ||    13
       Potion            |       |       |     2 |     1 |     1 ||     4
 Stab: Paralysed         |       |       |     1 |     1 |     6 ||     8
Armor: Robe              |    14 |     6 |    14 |    39 |    12 ||    85
Dodge: Dodged            |    32 |    22 |    55 |    99 |    25 ||   233

Table legend: (Time is in decaauts)
 A = Elapsed time spent in this place.
 B = Non-inter-level travel time spent in this place.
 C = Inter-level travel time spent in this place.
 D = Time resting spent in this place.
 E = Time spent auto-exploring this place.
 F = Levels seen in this place.
 G = Mean time per level.
                   A        B        C        D        E       F      G
               +--------+--------+--------+--------+--------+-----+--------+
         Total |  18914 |  18325 |    589 |   2469 |  13199 |  19 |  995.5 |
       Dungeon |  14141 |  13659 |    482 |   1738 |  10062 |  13 | 1087.8 |
        Temple |     98 |     78 |     20 |      0 |     56 |   1 |   98.0 |
          Lair |   2805 |   2719 |     86 |     97 |   2181 |   3 |  935.0 |
         Sewer |   1068 |   1068 |      0 |      0 |    876 |   1 | 1068.0 |
        Bailey |    799 |    799 |      0 |    634 |     24 |   1 |  799.0 |
               +--------+--------+--------+--------+--------+-----+--------+

Top non-repeatable levels by time:
     D:9: 1660 daAuts
     D:1: 1655 daAuts
     D:8: 1500 daAuts
    D:10: 1447 daAuts
     D:2: 1261 daAuts
  Lair:1: 1256 daAuts
  Lair:2: 1197 daAuts
   Sewer: 1068 daAuts
     D:7: 1059 daAuts
     D:4: 1032 daAuts
    D:11: 993 daAuts
     D:5: 910 daAuts
     D:3: 849 daAuts
  Bailey: 799 daAuts
     D:6: 645 daAuts
